 Dungeon Crawl Stone Soup version 0.30-a0-723-gc1506a1cf0 (webtiles) character file.

Game seed: 5392058399790905175

1432 Darius099 the Grappler (level 8, -9/74 HPs)
             Began as a Troll Monk on Jan 28, 2023.
             Mangled by a large abomination (16 damage)
             ... on level 1 of the Abyss.
             The game lasted 00:13:01 (3750 turns).

Darius099 the Grappler (Troll Monk)                 Turns: 3750, Time: 00:13:01

Health: -9/74      AC:  4    Str: 15 (16) XL:     8   Next: 45%
Magic:  6/6        EV: 10    Int:  1 (2)  God:
Gold:   297        SH:  5    Dex:  9 (10) Spells: 5/10 levels left

rFire   x x x      SeeInvis .      - Unarmed
rCold   x x .      Faith    .    (no shield)
rNeg    . . .      Spirit   .    a - +0 robe
rPois   .          Reflect  +    (helmet restricted)
rElec   .          Harm     .    u - +0 cloak
rCorr   .          Rampage  .    (gloves unavailable)
Will    +....                    (boots unavailable)
Stlth   +                        z - amulet of reflection
HPRegen 1.12/turn                i - ring of wizardry
MPRegen 0.10/turn                x - ring of willpower

@: no status effects
A: large, unfitting armour, claws 3, regeneration 1, shaggy fur 1, tough skin 1,
horns 1, noise suppression, [clumsy 2], [deformed body], [deterioration 2],
[dopey 2], [low MP 3], [weak 2], [cold vulnerability 2], [heat vulnerability 3],
[subdued magic 3]
a: no special abilities


You were on level 1 of the Abyss.
You visited 1 branch of the dungeon, and saw 6 of its levels.
You visited the Abyss 1 time.

You collected 297 gold pieces.

Inventory:

Armour
 a - a +0 robe (worn)
 u - a +0 cloak (worn)
Jewellery
 i - a ring of wizardry (left claw)
 q - a ring of wizardry
 v - a ring of wizardry
 x - a ring of willpower (right claw)
 z - an amulet of reflection (around neck)
 A - a ring of protection from fire
Wands
 B - a wand of iceblast (8)
Scrolls
 c - a scroll of fog {unknown}
 d - 2 scrolls of identify
 e - a scroll of magic mapping {unknown}
 h - 4 scrolls of immolation {unknown}
 j - 6 scrolls of teleportation
 l - 2 scrolls of enchant armour {unknown}
 p - a scroll of amnesia {unknown}
 r - a scroll of vulnerability {unknown}
 t - 2 scrolls of poison {unknown}
 y - a scroll of torment {unknown}
Potions
 b - 2 potions of ambrosia
 f - 2 potions of degeneration
 g - a potion of mutation
 k - 4 potions of curing
 m - a potion of berserk rage {unknown}
 o - a potion of haste {unknown}
 s - a potion of magic {unknown}
 w - a potion of flight {unknown}
 C - a potion of attraction {unknown}


   Skills:
 - Level 2.4 Fighting
 - Level 2.4 Dodging
 - Level 1.0 Stealth
 - Level 10.0 Unarmed Combat
 + Level 1.6 Spellcasting
 + Level 2.0 Translocations


You had 5 spell levels left.
You knew the following spells:

 Your Spells              Type           Power      Damage    Failure   Level
a - Blink                 Tloc           0%         N/A       10%         2
b - Teleport Other        Tloc           0%         N/A       21%         3

Your spell library contained the following spells:

 Spells                   Type           Power      Damage    Failure   Level
 Lesser Beckoning         Tloc           0%         N/A       10%         2
 Beastly Appendage        Tmut           0%         N/A       16%         1
 Momentum Strike          Conj/Tloc      0%         3d8       16%         2
 Gell's Gravitas          Tloc           0%         N/A       21%         3
 Wereblood                Tmut           0%         N/A       26%         2
 Vhi's Electric Charge    Tloc/Air       0%         N/A       32%         3
 Spider Form              Tmut/Pois      0%         N/A       45%         3
 Arcjolt                  Conj/Air       0%         1d10      99%         5
 Maxwell's Capacitive Co  Air            0%         ∞         100%        8


Dungeon Overview and Level Annotations

Branches:
Dungeon (6/15)
 Temple: D:4-7

Altars:

Shops:
D:1 ?

Annotations:
D:6 Maggie


Innate Abilities, Weirdness & Mutations

You are too large for most types of armour.
You have claws for hands.
Your natural rate of healing is unusually fast.
You are covered in fur. (AC +1)
You have tough skin. (AC +1)
You have a pair of small horns on your head.
You passively dampen the noise of your surroundings.
[You are very clumsy. (Dex -4)]
[Armour fits poorly on your strangely shaped body.]
[Your body often deteriorates upon taking damage.]
[You are very dopey. (Int -4)]
[Your magical capacity is extremely low. (-30% MP)]
[You are very weak. (Str -4)]
[You are very vulnerable to cold. (rC--)]
[You are extremely vulnerable to heat. (rF---)]
[Your spells are much easier to cast, but much less powerful.]


Message History

The wretched star pulses with an eldritch light!
You feel vulnerable to heat. x3
The wretched star pulses with an eldritch light!
You feel vulnerable to cold. x2
Casting: Blink (safe; 10% risk of failure)
Confirm with . or Enter, or press ? or * to list all spells.
You blink.
A large abomination comes into view.
Casting: Blink (safe; 10% risk of failure)
Confirm with . or Enter, or press ? or * to list all spells.
You are still too unstable to blink.
The wretched star glows turbulently.
The lance of force misses you.
The large abomination barely misses you.
The large abomination attacks as you move away!
You block the large abomination's attack.
The large abomination attacks as you move away!
The large abomination hits you!
You feel stable enough to blink again.
The wretched star pulses with an eldritch light!
The large abomination attacks as you move away!
The large abomination hits you!
Your body deteriorates!
You feel clumsy.
The large abomination attacks as you move away!
The large abomination hits you!!
* * * LOW HITPOINT WARNING * * *
Your body deteriorates!
You feel weakened.
The large abomination attacks as you move away!
The large abomination hits you!
* * * LOW HITPOINT WARNING * * *
You feel much better.
The large abomination closely misses you.
The large abomination attacks as you move away!
The large abomination hits you.
The large abomination attacks as you move away!
The large abomination hits you!!
* * * LOW HITPOINT WARNING * * *
The large abomination attacks as you move away!
The large abomination hits you!
You die...

...........*
X..#....
......#.### ###
..# . # # #..#
## . #X# . #.# #
#*## #..##
...#######*..##
.......@X.≈.≈.#
...#.###.##.≈#.#
##.≈. .## #≈≈≈##
#.## .# .#


You could see a wretched star and a large abomination.

Vanquished Creatures
  Grinder (D:3)
  3 black bears (D:5)
  2 ogres (D:5)
  A phantom (D:5)
  A necrophage (D:5)
  2 scorpions (D:5)
  A howler monkey (D:5)
  2 jellies
  3 hounds (D:5)
  A gnoll bouda (D:5)
  4 iguanas
  An orc priest (D:5)
  An orc wizard (D:5)
  4 gnolls (D:5)
  6 adders
  A white imp (D:5)
  A worm (D:4)
  8 orcs
  6 ball pythons
  6 endoplasms
  4 giant cockroaches
  5 hobgoblins
  3 jackals (D:3)
  A quokka (D:4)
  5 bats
  5 frilled lizards
  8 goblins
  10 kobolds
  5 rats (D:1)
101 creatures vanquished.

Notes
Turn   | Place    | Note
-------+----------+-------------------------------------------
     0 | D:1      | Darius099 the Troll Monk began the quest for the Orb.
     0 | D:1      | Reached XP level 1. HP: 22/22 MP: 0/0
    71 | D:1      | Found Idonk's Magic Scroll Emporium.
   142 | D:1      | Reached XP level 2. HP: 29/29 MP: 1/1
   530 | D:1      | Reached skill level 4 in Unarmed Combat
   867 | D:2      | Identified the +1 mace "Ikorchat" {venom, rN+ Dex+3 Stlth+}
   951 | D:2      | Reached XP level 3. HP: 36/36 MP: 2/2
   959 | D:2      | Found a faded altar of an unknown god.
  1583 | D:3      | Reached skill level 5 in Unarmed Combat
  1583 | D:3      | Reached XP level 4. HP: 44/44 MP: 3/3
  1609 | D:3      | Noticed Grinder
  1624 | D:3      | Killed Grinder
  1625 | D:3      | Reached skill level 6 in Unarmed Combat
  1625 | D:3      | Reached XP level 5. HP: 18/50 MP: 4/4
  1625 | D:3      | Reached XP level 6. HP: 21/59 MP: 5/5
  2140 | D:4      | Reached skill level 7 in Unarmed Combat
  2878 | D:5      | Entered Level 5 of the Dungeon
  2928 | D:5      | Reached skill level 8 in Unarmed Combat
  2928 | D:5      | Reached XP level 7. HP: 54/66 MP: 6/6
  3003 | D:5      | Gained mutation: You passively dampen the noise of your
                  | surroundings. [potion of mutation]
  3003 | D:5      | Gained mutation: You have a pair of small horns on your
                  | head. [potion of mutation]
  3116 | D:5      | Reached skill level 9 in Unarmed Combat
  3183 | D:5      | Reached XP level 8. HP: 74/74 MP: 7/7
  3199 | D:5      | Reached skill level 10 in Unarmed Combat
  3229 | D:5      | Learned a level 2 spell: Blink
  3289 | D:5      | Reached skill level 1 in Spellcasting
  3289 | D:5      | Reached skill level 1 in Translocations
  3545 | D:5      | Learned a level 3 spell: Teleport Other
  3597 | D:6      | Noticed Maggie
  3633 | Abyss:1  | Cast into level 1 of the Abyss (Maggie)
  3658 | Abyss:1  | Noticed a wretched star
  3728 | Abyss:1  | Noticed a large abomination
  3750 | Abyss:1  | Mangled by a large abomination

Illustrated notes

Levels and vault maps discovered:
D:1:      saegor_arrival_simple_c, layout_basic, serial_shops, shop,
          amcnicky_mini_rare_corridor_liquid
D:2:      layout_loops_cross, ebering_ecumenical_altar_abandoned,
          minmay_pentomino_q4
D:3:      layout_loops_ring, nrook_loot_triangle,
          chequers_serial_rivers_micro_d, uniq_grinder
D:4:      layout_cave_pods, st_stairs_1
D:5:      black_bear_nest_2, layout_cave_pools
D:6:      wad_lake_hut, layout_rooms, grunt_potential, uniq_maggie, uniq_sigmund
Abyss:1:  base:
D:3

Skill      XL: |  1  2  3  4  5  6  7  8 |
---------------+-------------------------+-----
Unarmed Combat | 4 5 6 8 9 10 | 10.0
Spellcasting   | 1 |  1.6
Translocations | 2 |  2.0
Fighting       | |  2.4
Dodging        | |  2.4
Stealth        | |  1.0

Action                     |  1- 3 |  4- 6 |  7- 9 || total
---------------------------+-------+-------+-------++-------
  Melee: Unarmed           |    81 |    86 |    82 ||   249
         Punch             |       |     1 |     1 ||     2
         Headbutt          |       |       |    17 ||    17
   Cast: Blink             |       |       |     2 ||     2
    Use: Scroll            |       |       |     5 ||     5
         Potion            |       |       |     3 ||     3
   Stab: Sleeping          |     4 |     4 |       ||     8
 Armour: Robe              |    25 |    10 |    18 ||    53
  Dodge: Dodged            |    37 |    44 |    44 ||   125
  Block: Other             |       |     6 |    19 ||    25
         Reflection        |       |       |     1 ||     1

Table legend: (Time is in decaauts)
 A = Elapsed time spent in this place.
 B = Non-inter-level travel time spent in this place.
 C = Inter-level travel time spent in this place.
 D = Time resting spent in this place.
 E = Time spent auto-exploring this place.
 F = Levels seen in this place.
 G = Mean time per level.
                   A        B        C        D        E       F      G
               +--------+--------+--------+--------+--------+-----+--------+
         Total |   3717 |   3574 |    143 |    129 |   2263 |   7 |  531.0 |
       Dungeon |   3600 |   3457 |    143 |    129 |   2263 |   6 |  600.0 |
         Abyss |    116 |    116 |      0 |      0 |      0 |   1 |  116.0 |
               +--------+--------+--------+--------+--------+-----+--------+

Top non-repeatable levels by time:
     D:1: 859 daAuts
     D:4: 737 daAuts
     D:5: 726 daAuts
     D:3: 656 daAuts
     D:2: 606 daAuts
 Abyss:1: 116 daAuts
     D:6: 13 daAuts
